 Dungeon Crawl Stone Soup version 0.18-a0-1799-g6250cb2 (webtiles) character file.

439 Kenran the Twirler (level 7, -1/40 HPs)
             Began as a Gargoyle Gladiator on Apr 23, 2016.
             Slain by an ogre
             ... wielding a +0 giant club
              (14 damage)
             ... on level 5 of the Dungeon.
             The game lasted 02:36:15 (3412 turns).

Kenran the Twirler (Gargoyle Gladiator)             Turns: 3412, Time: 02:36:15

Health: -1/40      AC: 11    Str: 25    XL:     7   Next: 1%
Magic:  7/7        EV: 11    Int:  8    God:
Gold:   181        SH:  0    Dex: 10    Spells: 0 memorised, 6 levels left

rFire  . . .     SeeInvis .     a - +1 quarterstaff
rCold  . . .     Gourm    .     t - +0 ring mail
rNeg   + . .     Faith    .     (shield currently unavailable)
rPois  ∞         Spirit   .     o - +0 helmet
rElec  +         Dismiss  .     (no cloak)
rCorr  .         Reflect  .     (no gloves)
SustAt .         Harm     .     j - +0 pair of boots
MR     .....                    (no amulet)
Stlth  ..........               (no ring)
                                h - +4 ring of strength

@: not resistant to hostile enchantments, extremely unstealthy
A: negative energy resistance 1, electricity resistance, unbreathing,
petrification resistance, rot immunity, AC +4
a: no special abilities


You were on level 5 of the Dungeon.
You were not hungry.

You visited 1 branch of the dungeon, and saw 5 of its levels.

You collected 181 gold pieces.

Inventory:

Hand Weapons
 a - a +1 quarterstaff (weapon)
Missiles
 d - 4 throwing nets (quivered)
Armour
 c - a +0 helmet
 j - a +0 pair of boots (worn)
 o - a +0 helmet (worn)
 q - a +0 ring mail
 t - a +0 ring mail (worn)
Jewellery
 h - a +4 ring of strength (left hand)
 A - an uncursed ring of resist corrosion {unknown}
Wands
 s - a wand of paralysis (9/24)
 y - a wand of flame (48/48)
Scrolls
 e - a scroll of remove curse
 l - 6 scrolls of identify
 n - 3 scrolls of enchant weapon
 p - 3 scrolls of enchant armour
Potions
 b - a potion of cure mutation {unknown}
 g - a potion of lignification {unknown}
 i - a potion of mutation {unknown}
 k - 3 potions of curing {unknown}
 u - a potion of ambrosia {unknown}
 v - a potion of might {unknown}
 x - 2 potions of flight {unknown}
 z - a potion of agility {unknown}
Comestibles
 f - 3 bread rations
 m - 2 meat rations
 r - a slice of pizza


   Skills:
 - Level 2.1 Fighting
 + Level 7.7 Staves
 - Level 1.7 Throwing
 - Level 2.4 Dodging


You had 6 spell levels left.
You didn't know any spells.

Dungeon Overview and Level Annotations

Branches:
Dungeon (5/15)
 Temple: D:4-7

Altars:

Shops:
D:4 (


Innate Abilities, Weirdness & Mutations

You are resistant to torment.
Your stone body is resilient (AC +4).
You are immune to poison.
You resist negative energy.
You are resistant to electric shocks.
You can survive without breathing.
You are immune to petrification.
You are immune to rotting.


Message History

The jackal bites you but does no damage.
The ogre hits you with a giant club!
* * * LOW HITPOINT WARNING * * *
The jackal barely misses you.
You climb downwards.
There is a stone staircase leading up here.
The jackal closely misses you.
The jackal bites you but does no damage.
Read which item? (? for menu, Esc to quit)
As you read the scroll labeled QIV ZEFRUS, it crumbles to dust.
It is a scroll of recharging.
Charge which item? (? for menu, Esc to quit)
Your wand of flame glows for a moment.
Read which item? (? for menu, Esc to quit)
As you read the scroll labeled IRROMUMEHI, it crumbles to dust.
You feel as if something is helping you.
It was a scroll of remove curse.
The jackal bites you but does no damage.
The jackal closely misses you. The ogre hits you with a giant club!
You die...

###########
...###...h.....#
.......<.h@....#
...###...O.....#
###########


You could see an ogre and 2 jackals.

Vanquished Creatures
  A sky beast (D:4)
  A water moccasin skeleton (D:4)
  An orc priest (D:3)
  An orc wizard (D:3)
  A hound skeleton (D:4)
  Robin (D:3)
  3 gnolls
  A howler monkey skeleton (D:4)
  9 adders
  An ooze (D:2)
  A dart slug (D:2)
  2 giant geckos
  2 orcs (D:3)
  5 giant cockroaches
  20 goblins
  12 hobgoblins
  5 jackals
  3 quokkas
  A ball python skeleton (D:4)
  7 bats
  3 giant newts (D:1)
  A jackal zombie (D:4)
  11 kobolds
  A quokka zombie (D:4)
  3 rats
97 creatures vanquished.

Notes
Turn   | Place    | Note
--------------------------------------------------------------
     0 | D:1      | Kenran the Gargoyle Gladiator began the quest for the Orb.
     0 | D:1      | Reached XP level 1. HP: 12/12 MP: 1/1
   254 | D:1      | Reached XP level 2. HP: 17/17 MP: 2/2
   658 | D:1      | Reached skill level 4 in Staves
   915 | D:2      | Reached XP level 3. HP: 18/21 MP: 3/3
  1164 | D:2      | Reached XP level 4. HP: 21/26 MP: 4/4
  1209 | D:2      | Reached skill level 5 in Staves
  1245 | D:2      | Noticed Robin
  1386 | D:3      | Killed Robin
  1706 | D:2      | Reached XP level 5. HP: 30/30 MP: 5/5
  2139 | D:3      | Found a faded altar to an unknown god.
  2192 | D:3      | Reached skill level 6 in Staves
  2434 | D:3      | Reached XP level 6. HP: 33/35 MP: 6/6
  2990 | D:4      | Noticed a sky beast
  3004 | D:4      | Killed a sky beast
  3004 | D:4      | Reached skill level 7 in Staves
  3131 | D:4      | Found Tutadurgh's Antique Weapon Emporium.
  3389 | D:4      | Reached XP level 7. HP: 40/40 MP: 7/7
  3403 | D:5      | Entered Level 5 of the Dungeon
  3412 | D:5      | Slain by an ogre

Vault maps used:
D:1:      dpeg_arrival_tiny_c, minmay_misc_feat_room
D:2:      uniq_robin
D:3:      ecumenical_altar_1, minmay_misc_feat_roman
D:4:      serial_undead, serial_undead_b, serial_undead_c, serial_undead_b,
          serial_undead_a, serial_shops, shop, first_bread
D:5:      corexii_item_surrounded_by_moat, roderic_bipointed_swastika,
          uniq_eustachio, uniq_duvessa

Skill      XL: |  1  2  3  4  5  6 |
---------------+-------------------+-----
Staves         | 4 5 6 7 |  7.7
Fighting       | |  2.1
Throwing       | |  1.7
Dodging        | |  2.4

Action                   |  1- 3 |  4- 6 |  7- 9 || total
-------------------------+-------+-------+-------++-------
Melee: Quarterstaff      |    94 |   205 |     1 ||   300
  Use: Scroll            |       |     3 |     2 ||     5
  Eat: Chunk             |     1 |     7 |       ||     8
Armor: Leather armour    |    44 |     7 |       ||    51
       Ring mail         |       |    84 |     6 ||    90
Dodge: Dodged            |    73 |   117 |     7 ||   197
